 Dungeon Crawl Stone Soup version 0.26-a0-1205-g4083c211ab (webtiles) character file.

Game seed: 7536952220883534379

7 CurlyBrace the Sneak (level 1, -6/10 HPs)
             Began as a Felid Delver on Dec 29, 2020.
             Killed by divine providence
             ... invoked by an orc priest
              (14 damage)
             ... on level 5 of the Dungeon.
             The game lasted 00:00:27 (53 turns).

CurlyBrace the Sneak (Felid Delver)                   Turns: 53, Time: 00:00:27

Health: -6/10      AC:  1    Str:  8    XL:     1   Next: 83%
Magic:  2/2        EV: 18    Int: 11    God:
Gold:   8          SH:  0    Dex: 17    Spells: 0/0 levels left
                                        Lives:  0   Deaths: 0

rFire    . . .     SeeInvis +     - Unarmed
rCold    . . .     Faith    .   (shield unavailable)
rNeg     . . .     Spirit   .   (armour unavailable)
rPois    .         Reflect  .   (helmet unavailable)
rElec    .         Harm     .   (cloak unavailable)
rCorr    .         Rampage  .   (gloves unavailable)
Will     .....                  (boots unavailable)
Stlth    ++++......             d - amulet of magic regeneration
HPRegen  0.03/turn              (no ring)
MPRegen  0.33/turn              (no ring)

@: quick
A: very small, no armour, no weapons or thrown items, stealth, claws 1, fangs 3,
see invisible, speed 1, shaggy fur 1, sharp paws
a: no special abilities


You were on level 5 of the Dungeon.
You visited 1 branch of the dungeon, and saw 2 of its levels.

You collected 8 gold pieces.

Inventory:

Jewellery
 d - an amulet of magic regeneration (around neck)
   (You found it on level 6 of the Dungeon)
Wands
 v - a wand of digging (3)
Scrolls
 a - a scroll of fog
 c - a scroll of fear
Potions
 b - a potion of flight {unknown}
 h - a potion of haste


   Skills:
 - Level 3.0 Fighting
 + Level 2.9 Dodging
 + Level 6.7 Stealth
 * Level 2.3 Unarmed Combat


You couldn't memorise any spells.
You didn't know any spells.
Your spell library was empty.

Dungeon Overview and Level Annotations

Branches:
Dungeon (6/15)
 Temple: D:4-7

Altars:

Shops:
D:5 (

Portals:
Sewer: D:5


Innate Abilities, Weirdness & Mutations

You cannot wear armour.
You are incapable of wielding weapons or throwing items.
Your paws allow you to move quietly. (Stealth)
You have sharp claws.
You have razor-sharp teeth.
You have supernaturally acute eyesight. (SInv)
You cover ground quickly.
You are covered in fur. (AC +1)
Your sharp claws are effective at attacking unaware monsters.


Message History

The giant cockroach bites you. The ball python barely misses you.
The ball python misses you.
An orc comes into view.
An orc wizard comes into view. It is wielding a +0 dagger.
An orc comes into view.
The giant cockroach barely misses you. The ball python misses you.
The ball python closely misses you.
You hear an angry hiss.
An orc comes into view. It is wielding a +0 hand axe.
The orc shouts! x2
An orc comes into view.
An orc comes into view. It is wielding a +0 mace.
The ball python barely misses you. The ball python closely misses you.
There is a glowing drain here.
The ball python completely misses you. The ball python misses you.
The ball python bites you. The ball python barely misses you.
The orc priest invokes the aid of Beogh against you.
Beogh smites you!
Ouch! That really hurt!
You die...

*,,,,,,,,,,........w.#,,*****
*,,,,................,,,*** *
*,,,,.o.............#**,,.# *
*,,,,.o.o.oo......#.# **#.# *
*,,,,..o..#≈..#.....## #.# *
*,,,,..ooo≈≈≈≈≈......####.###
*,,,,...#≈≈≈≈≈≈≈#......##....
*,,,,....≈≈≈≈S≈≈...#.........
****,#...≈≈S@B≈≈...#....#...#
*,...≈≈≈≈≈≈≈≈..##...∩.....
**##.#≈≈≈≈≈≈≈#.#..........
#...≈≈≈≈≈...#..........
##..#..≈#..##..........
##.......####.........
####.####*...........
#..,,,............
******#...........


You could see an orc priest, 2 orc wizards, 6 orcs, a giant cockroach and 2 ball
pythons.

Vanquished Creatures
  A white imp (D:6)
1 creature vanquished.

Notes
Turn   | Place    | Note
-------+----------+-------------------------------------------
     0 | D:5      | CurlyBrace the Felid Delver began the quest for the Orb.
     0 | D:5      | Reached XP level 1. HP: 10/10 MP: 2/2
    33 | D:5      | Found Aczefyu's Antique Weapon Shoppe.
    45 | D:5      | Found a glowing drain.
    47 | D:5      | Noticed an orc priest
    51 | D:5      | Noticed an orc wizard
    51 | D:5      | Noticed an orc wizard
    53 | D:5      | Killed from afar by an orc priest

Illustrated notes

Levels and vault maps discovered:
D:5:      layout_rooms, nicolae_gozag_zags_fifth_avenue, serial_shops, shop,
          cheibrodos_sewer_entry_drain, kennysheep_pointless_box
D:6:      layout_rooms, serial_co_window_serial, co_window_of_opportunity_a,
          co_window_paths_a, co_window_corner_a, co_window_paths_b,
          co_window_paths_a, co_window_of_opportunity_a,
          co_window_of_opportunity_a, co_window_cross_1,
          co_window_of_opportunity_a, co_window_corner_b, co_window_paths_c,
          co_window_of_opportunity_b, co_window_of_opportunity_b,
          co_window_corner_b, co_window_cross_4, glass_columns_c,
          glass_columns_c, minmay_misc_feat_four_crosses,
          chequers_serial_rivers_room_a

Action                   || total
-------------------------++-------
Melee: Unarmed           ||     1
  Use: Scroll            ||     1
 Stab: Sleeping          ||     1
Dodge: Dodged            ||    16

Table legend: (Time is in decaauts)
 A = Elapsed time spent in this place.
 B = Non-inter-level travel time spent in this place.
 C = Inter-level travel time spent in this place.
 D = Time resting spent in this place.
 E = Time spent auto-exploring this place.
 F = Levels seen in this place.
 G = Mean time per level.
                   A        B        C        D        E       F      G
               +--------+--------+--------+--------+--------+-----+--------+
         Total |     47 |     47 |      0 |      0 |      0 |   2 |   23.5 |
       Dungeon |     47 |     47 |      0 |      0 |      0 |   2 |   23.5 |
               +--------+--------+--------+--------+--------+-----+--------+

Top non-repeatable levels by time:
     D:5: 26 daAuts
     D:6: 20 daAuts
